 Dungeon Crawl Stone Soup version 0.27.1 (webtiles) character file.

Game seed: 16235406715243185957

292 Malachi the Ruffian (level 6, -1/61 HPs)
             Began as a Troll Monk on Aug 25, 2021.
             Slain by a gnoll (11 damage)
             ... on level 4 of the Dungeon.
             The game lasted 00:04:13 (2123 turns).

Malachi the Ruffian (Troll Monk)                    Turns: 2123, Time: 00:04:14

Health: -1/61      AC:  4    Str: 22    XL:     6   Next: 10%
Magic:  5/5        EV:  8    Int:  6    God:
Gold:   117        SH: 15    Dex: 18    Spells: 5/5 levels left

rFire    . . .     SeeInvis .     - Unarmed
rCold    . . .     Faith    .   g - +1 kite shield
rNeg     . . .     Spirit   .   a - +0 robe
rPois    .         Reflect  +   (helmet restricted)
rElec    .         Harm     .   (no cloak)
rCorr    .         Rampage  .   (gloves unavailable)
Will     .....                  (boots unavailable)
Stlth    ++........             m - amulet of reflection
HPRegen  1.20/turn              n - +6 ring of dexterity
MPRegen  0.09/turn              d - ring of flight

@: flying
A: large, unfitting armour, claws 3, regeneration 1, shaggy fur 1, tough skin 1
a: no special abilities


You were on level 4 of the Dungeon.
You visited 1 branch of the dungeon, and saw 4 of its levels.

You collected 117 gold pieces.

Inventory:

Missiles
 c - 22 poisoned darts (quivered)
Armour
 a - a +0 robe (worn)
 g - a +1 kite shield (worn)
Jewellery
 b - a ring of protection from fire
 d - a ring of flight (right claw)
 m - an amulet of reflection (around neck)
 n - a +6 ring of dexterity (left claw)
Scrolls
 h - 2 scrolls of teleportation
 i - a scroll of enchant armour
Potions
 e - a potion of attraction {unknown}
 f - a potion of curing {unknown}
 l - a potion of lignification {unknown}


   Skills:
 - Level 3.0 Fighting
 - Level 2.5 Dodging
 - Level 1.0 Stealth
 * Level 2.0 Shields
 - Level 5.8 Unarmed Combat


You had 5 spell levels left.
You didn't know any spells.
Your spell library was empty.

Dungeon Overview and Level Annotations

Branches:
Dungeon (4/15)
 Temple: D:4-7

Altars:

Annotations:
D:2 Sigmund


Innate Abilities, Weirdness & Mutations

You are too large for most types of armour.
You have claws for hands.
Your natural rate of healing is unusually fast.
You are covered in fur. (AC +1)
You have tough skin. (AC +1)


Message History

You kill the gnoll!
The gnoll hits you from afar with a +0 halberd.
You block the gnoll's attack.
You claw the gnoll!
You kill the gnoll!
The hobgoblin hits you but does no damage.
The gnoll barely misses you. You block the gnoll's attack.
You block the hobgoblin's attack. You block the gnoll's attack.
Training target 3.0 for Fighting reached!
Your Fighting skill increases to level 3!
You claw the hobgoblin!
You kill the hobgoblin!
The gnoll hits you from afar with a +0 halberd!
You block the gnoll's attack.
Your Shields skill increases to level 2!
You block the gnoll's attack. The gnoll closely misses you.
You closely miss the gnoll. You block the gnoll's attack.
The gnoll hits you with a +0 halberd!
You claw the gnoll!
The gnoll is severely wounded.
The gnoll hits you with a +0 halberd. You block the gnoll's attack.
You are too injured to fight recklessly!
You are too injured to fight recklessly!
You are too injured to fight recklessly!
You are too injured to fight recklessly!
You are too injured to fight recklessly!
You barely miss the gnoll.
The gnoll is severely wounded.
The gnoll barely misses you. You block the gnoll's attack.
You completely miss the gnoll.
The gnoll is severely wounded.
The gnoll hits you with a +0 halberd! The gnoll barely misses you.
You completely miss the gnoll.
The gnoll is severely wounded.
You block the gnoll's attack. x3; The gnoll hits you with a +0 halberd!
* * * LOW HITPOINT WARNING * * *
The gnoll hits you from afar with a +0 halberd.
* * * LOW HITPOINT WARNING * * *
The gnoll hits you from afar with a +0 halberd!
You die...

######..##..######## ####
######..##..##.....##...#
........................
........................
..##...###..####...###..
. ###+ #..####...##
............#
#............#
####...##@.).#
######..).# #gg.......
#......... #....##..#
#....# ..# #..... ..
+...... ###..##.


You could see 2 gnolls.

Vanquished Creatures
  An ogre (D:3)
  A phantom (D:3)
  An orc priest (D:3)
  2 gnolls (D:4)
  2 adders
  An adder skeleton (D:4)
  A worm (D:3)
  A dart slug (D:1)
  4 orcs (D:3)
  6 bats
  5 endoplasms
  6 goblins
  5 hobgoblins
  2 quokkas
  9 ball pythons
  6 frilled lizards
  A jackal skeleton (D:4)
  7 kobolds
  6 rats (D:1)
67 creatures vanquished.

Notes
Turn   | Place    | Note
-------+----------+-------------------------------------------
     0 | D:1      | Malachi the Troll Monk began the quest for the Orb.
     0 | D:1      | Reached XP level 1. HP: 22/22 MP: 0/0
   213 | D:1      | Reached XP level 2. HP: 29/29 MP: 1/1
  1001 | D:2      | Reached XP level 3. HP: 35/36 MP: 2/2
  1071 | D:2      | Noticed Sigmund
  1104 | D:2      | Reached skill level 4 in Unarmed Combat
  1351 | D:3      | Found a faded altar of an unknown god.
  1467 | D:3      | Reached XP level 4. HP: 40/44 MP: 3/3
  1932 | D:4      | Reached skill level 1 in Shields
  1954 | D:4      | Noticed an ogre
  1975 | D:4      | Noticed a phantom
  2002 | D:3      | Killed a phantom
  2003 | D:3      | Reached skill level 5 in Unarmed Combat
  2003 | D:3      | Reached XP level 5. HP: 42/52 MP: 4/4
  2065 | D:3      | Killed an ogre
  2066 | D:3      | Reached XP level 6. HP: 53/59 MP: 5/5
  2123 | D:4      | Slain by a gnoll

Illustrated notes

Levels and vault maps discovered:
D:1:      dpeg_arrival_tiny_d, layout_basic, serial_forest,
          infiniplex_forest_end_1, infiniplex_forest_zigzag_2,
          infiniplex_forest_clump_double, infiniplex_forest_clump_long,
          infiniplex_forest_corner_1, infiniplex_forest_lined_room_2,
          infiniplex_forest_straight_4, interstate_on_off, minmay_pentomino_r4
D:2:      layout_rooms, minmay_misc_feat_nine_boxes, uniq_sigmund
D:3:      layout_rooms, shapermc_ecumenical_altar_mp_vishouse
D:4:      layout_gridville

Skill      XL: |  1  2  3  4  5  6 |
---------------+-------------------+-----
Unarmed Combat | 4 5 |  5.8
Shields        | 1 2 |  2.0
Fighting       | 3 |  3.0
Dodging        | |  2.5
Stealth        | |  1.0

Action                   |  1- 3 |  4- 6 || total
-------------------------+-------+-------++-------
Melee: Unarmed           |   105 |    66 ||   171
       Punch             |       |     1 ||     1
  Use: Scroll            |     2 |     2 ||     4
 Stab: Sleeping          |     4 |       ||     4
Armor: Robe              |    30 |    17 ||    47
Dodge: Dodged            |    44 |    32 ||    76
Block: Other             |       |    12 ||    12
       Kite shield       |       |    18 ||    18
